 Dungeon Crawl Stone Soup version 0.25.1-2-g60ff931 (webtiles) character file.

Game seed: 8392321564293615719

926 vertexvortex the Chiller (level 8, -8/60 HPs)
             Began as a Merfolk Ice Elementalist on July 29, 2020.
             Mangled by Menkaure (25 damage)
             ... on level 5 of the Dungeon.
             The game lasted 00:17:05 (4920 turns).

vertexvortex the Chiller (Merfolk Ice Elementalist) Turns: 4920, Time: 00:17:05

Health: -8/60      AC:  3    Str:  9      XL:     8   Next: 10%
Magic:  3/16       EV: 13    Int: 15 (16) God:
Gold:   186        SH:  0    Dex: 13 (14) Spells: 6/18 levels left

rFire    . . .     SeeInvis .   q - +4 hand axe (freeze)
rCold    . . .     Gourm    .   (no shield)
rNeg     . . .     Faith    .   a - +0 robe
rPois    .         Spirit   .   (no helmet)
rElec    .         Reflect  .   (no cloak)
rCorr    .         Harm     .   (no gloves)
MR       .....                  j - +0 pair of boots
Stlth    ++........             s - amulet of inaccuracy
HPRegen  0.20/turn              (no ring)
MPRegen  0.15/turn              (no ring)

@: no status effects
A: change form in water, swift swim, stealthy swim
a: no special abilities


You were on level 5 of the Dungeon.
You were hungry.

You visited 1 branch of the dungeon, and saw 5 of its levels.

You collected 186 gold pieces.

Inventory:

Hand Weapons
 d - a +0 club
 g - a +0 hunting sling
 h - a +0 whip of venom
 q - a +4 hand axe of freezing (weapon)
Armour
 a - a +0 robe (worn)
 j - a +0 pair of boots (worn)
Magical Staves
 w - an uncursed staff of wizardry
Jewellery
 s - an amulet of inaccuracy (around neck)
Wands
 l - a wand of flame (9)
 u - a wand of enslavement (10)
 v - a wand of digging (4)
Scrolls
 k - 5 scrolls of identify
 o - 2 scrolls of remove curse
 t - a scroll of teleportation
Potions
 b - 2 potions of haste
 e - a potion of might
 f - a potion of resistance
 m - a potion of lignification
 n - a potion of cancellation
 r - a potion of berserk rage {unknown}
Comestibles
 c - 9 rations
 p - 3 chunks of flesh


   Skills:
 * Level 3.8 Fighting
 - Level 2.6 Dodging
 - Level 2.1 Stealth
 * Level 5.6 Spellcasting
 * Level 2.1 Summonings
 + Level 7.2 Ice Magic


You had 6 spell levels left.
You knew the following spells:

 Your Spells              Type           Power        Failure   Level  Hunger
a - Freeze                Ice            ####         1%          1    None
b - Frozen Ramparts       Ice            ####..       2%          3    ###....
c - Summon Ice Beast      Ice/Summ       ###.....     22%         4    ####...
d - Hailstorm             Conj/Ice       ###.....     34%         4    ####...

Your spell library contained the following spells:

 Spells                   Type           Power        Failure   Level  Hunger
 Ozocubu's Armour         Chrm/Ice       ###.....     11%         3    ###....


Dungeon Overview and Level Annotations

Branches:
Dungeon (5/15)
 Temple: D:4-7

Altars:
Ashenzari
Kikubaaqudgha
Okawaru
Zin

Annotations:
D:5 Menkaure


Message History

Your ice beast hits Menkaure.
Your ice beast freezes Menkaure.
Menkaure resists. x2; The wall freezes Menkaure.
Menkaure hits your ice beast!!
Your ice beast dies!
Menkaure resists.
The wall freezes Menkaure.
Menkaure hits your ice beast!!
Your ice beast dies!
Your +4 hand axe of freezing glows with a cold blue light!
q - a +4 hand axe of freezing (weapon)
The frozen ramparts melt away.
Menkaure hits you!
You closely miss Menkaure.
Menkaure is heavily damaged.
Menkaure closely misses you. Menkaure hits you.
* * * LOW HITPOINT WARNING * * *
You hit Menkaure.
Menkaure is severely damaged.
Menkaure barely misses you.
You hit Menkaure.
Menkaure is almost destroyed.
Menkaure hits you!!
You die...

##.....# ###### ###
#......# ##....###..
#......### ##.........#
#........#######....#######
#...............<..##
#....#####..........##
#.... ###.........##
#.......####.....###...###
# #.....>...M@....##
###...### ........####...##
##..... . ##### #.....
##.... #..... .........
......... ###...... ##[....


You could see Menkaure (fast).

Vanquished Creatures
  Duvessa (D:5)
  A sky beast (D:5)
  An ogre (D:4)
  A bullfrog (D:4)
  2 scorpions (D:4)
  A howler monkey (D:4)
  A crimson imp (D:5)
  A bullfrog skeleton (D:4)
  Jessica (D:3)
  Terence (D:3)
  An iguana (D:2)
  4 worker ants
  Robin (D:3)
  4 gnolls (D:3)
  3 adders
  4 oozes
  An adder skeleton (D:4)
  2 worms (D:3)
  A dart slug (D:2)
  3 leopard geckos
  3 orcs (D:3)
  7 bats
  2 giant cockroaches (D:3)
  13 goblins
  11 hobgoblins
  8 jackals
  2 quokkas (D:4)
  2 ball pythons (D:3)
  6 frilled lizards
  4 kobolds (D:1)
  A leopard gecko skeleton (D:4)
  A leopard gecko zombie (D:4)
  7 rats
102 creatures vanquished.

Vanquished Creatures (collateral kills)
  Dowan (D:5)
1 creature vanquished.

Grand Total: 103 creatures vanquished

Notes
Turn   | Place    | Note
-------+----------+-------------------------------------------
     0 | D:1      | vertexvortex the Merfolk Ice Elementalist began the quest
                  | for the Orb.
     0 | D:1      | Reached XP level 1. HP: 13/13 MP: 3/3
   139 | D:1      | Reached XP level 2. HP: 20/20 MP: 3/5
   583 | D:1      | Reached skill level 1 in Fighting
   700 | D:1      | Reached XP level 3. HP: 23/26 MP: 6/6
   703 | D:1      | Reached skill level 5 in Ice Magic
   708 | D:1      | Learned a level 3 spell: Frozen Ramparts
  1297 | D:2      | Reached XP level 4. HP: 9/32 MP: 4/8
  1303 | D:2      | Learned a level 4 spell: Summon Ice Beast
  1704 | D:3      | Noticed Jessica
  1711 | D:3      | Killed Jessica
  1743 | D:3      | Found an ancient bone altar of Kikubaaqudgha.
  1944 | D:3      | Noticed Terence
  1947 | D:3      | Upgraded the game from 0.25.1-1-g288607f to
                  | 0.25.1-2-g60ff931
  1952 | D:3      | Reached XP level 5. HP: 29/38 MP: 2/9
  1954 | D:3      | Killed Terence
  1996 | D:3      | Noticed Robin
  2004 | D:3      | Killed Robin
  2100 | D:3      | Reached skill level 6 in Ice Magic
  2199 | D:3      | Reached XP level 6. HP: 45/45 MP: 7/11
  2683 | D:3      | Found a glowing silver altar of Zin.
  2990 | D:4      | HP: 1/46 [ogre/+0 giant club (14)]
  3144 | D:4      | Reached skill level 1 in Summonings
  3371 | D:4      | Found an iron altar of Okawaru.
  3406 | D:4      | Reached XP level 7. HP: 50/52 MP: 10/13
  3412 | D:4      | Learned a level 4 spell: Hailstorm
  4008 | D:5      | Entered Level 5 of the Dungeon
  4130 | D:5      | Reached skill level 5 in Spellcasting
  4271 | D:5      | Noticed Dowan
  4273 | D:5      | Noticed Duvessa
  4282 | D:5      | Killed Duvessa
  4282 | D:5      | Reached skill level 7 in Ice Magic
  4282 | D:5      | Killed Dowan
  4362 | D:5      | Found a shattered altar of Ashenzari.
  4439 | D:5      | Reached XP level 8. HP: 15/60 MP: 11/16
  4903 | D:5      | Noticed Menkaure
  4920 | D:5      | Mangled by Menkaure

Illustrated notes

Levels and vault maps discovered:
D:1:      grunt_arrival_lava_bath, layout_basic
D:2:      layout_rooms, first_ration
D:3:      minmay_general_purpose_star, layout_rooms, overflow_temple_1_default,
          nicolae_overflow_hidden_temple, kennysheep_generic_room_11,
          uniq_jessica, uniq_robin, uniq_terence
D:4:      layout_basic, okawaru_gym_becter, kennysheep_nub, st_stairs_11
D:5:      layout_layer_cave, overflow_temple_1_default, uniq_menkaure,
          uniq_duvessa

Skill      XL: |  1  2  3  4  5  6  7 |
---------------+----------------------+-----
Fighting       | 1 2 3 |  3.8
Ice Magic      | 5 6 7 |  7.2
Spellcasting   | 3 4 5 |  5.6
Summonings     | 1 2 |  2.1
Dodging        | |  2.6
Stealth        | |  2.1

Action                   |  1- 3 |  4- 6 |  7- 9 || total
-------------------------+-------+-------+-------++-------
Melee: Club              |     5 |       |       ||     5
       Whip              |     8 |    39 |       ||    47
       Hand axe          |    39 |    69 |    38 ||   146
 Cast: Freeze            |     8 |     5 |    16 ||    29
       Frozen Ramparts   |       |    11 |     6 ||    17
       Summon Ice Beast  |       |       |     5 ||     5
  Use: Scroll            |       |     4 |     1 ||     5
       Potion            |       |       |     9 ||     9
 Stab: Sleeping          |     8 |     4 |       ||    12
       Distracted        |       |     2 |       ||     2
  Eat: Chunk             |     1 |     7 |     3 ||    11
       Ration            |       |       |     1 ||     1
Armor: Robe              |    10 |    25 |     9 ||    44
Dodge: Dodged            |    49 |    70 |    32 ||   151
